[Event "Late-Titled-Tuesday-Blitz-January-30-2024"]
[Site "Chess.com"]
[Date "2024.01.30"]
[Round "7"]
[White "Nf3c5"]
[Black "BardArtem"]
[Result "0-1"]
[WhiteElo "2521"]
[BlackElo "2766"]
[TimeControl "180+1"]
[EndTime "15:18:37 PST"]
[Termination "BardArtem won on time"]

1. d4 Nf6 2. Nf3 b6 3. Bg5 Bb7 4. Nbd2 g6 5. e3 Bg7 6. Be2 O-O 7. O-O d6 8. c4 Nbd7 9. Qc2 Qe8 10. b4 e5 11. dxe5 Ng4 12. Rac1 Ngxe5 13. Nxe5 Nxe5 14. c5 dxc5 15. bxc5 Qc6 16. Nf3 Rfe8 17. Bf4 Rad8 18. Qb3 Qd5 19. Qa3 Nd3 20. Bxd3 Qxd3 21.
Qxa7 Qd5 22. cxb6 Ra8 23. Rfd1 Qe4 24. Rxc7 Rxa7 25. bxa7 h6 26. h3 g5 27. Bg3 Qa4 28. Rdd7 Bxf3 29. gxf3 Ra8 30. Rxf7 Bf8 31. Be5 Qxa2 32.
Rfd7 Qe2 33. Kg2 Qa2 34. Bd4 Qa6 35. Rb7 Qc6 36. Rdc7 Qd5 37. Rb8 h5 38. Rcc8 Rxa7 39.
Bxa7 g4 40. Rxf8+ Kh7 41. hxg4 hxg4 42. Rh8+ Kg7 43. Rbg8+ Kf7 44. Rxg4 Qa2 45. Rh7+ Kf6 46. Bd4+ Kf5 47. Rf7+ Ke6 48. Rf6+ Kd5 49. Rb6 Kc4 50. Bf6+ Kd3 51. Bh4 Ke2 52. Rgb4 Qf7 53. Bg3 Qxf3+ 54.
Kh2 Qh5+ 55. Rh4 Qf7 56. Rb2+ Kf1 0-1

[Event "Late-Titled-Tuesday-Blitz-January-30-2024"]
[Site "Chess.com"]
[Date "2024.01.30"]
[Round "7"]
[White "Adar_07"]
[Black "mbojan"]
[Result "1-0"]
[WhiteElo "2691"]
[BlackElo "2850"]
[TimeControl "180+1"]
[EndTime "15:18:40 PST"]
[Termination "Adar_07 won by checkmate"]

1. e4 a6 2. Nf3 e6 3. d4 d5 4. exd5 exd5 5. Bd3 Bd6 6. Nc3 Ne7 7. Bg5 f6 8. Bh4 O-O 9. O-O Nbc6 10. Re1 Bf5 11.
Bxf5 Nxf5 12. Bg3 Bxg3 13. hxg3 Qd7 14. Ne2 Rae8 15. c3 Nce7 16. Nf4 Ng6 17. Nxg6 hxg6 18. Qd3 Rxe1+ 19. Rxe1 Re8 20. g4 Rxe1+ 21. Nxe1 Ne7 22. f3 Kf7 23. Nc2 Nc8 24. Ne3 c6 25. c4 dxc4 26. Qxc4+ Qe6 27. Kf2 Ne7 28. b3 Qxc4 29. bxc4 b5 30.
d5 cxd5 31. cxd5 Nc8 32. Nc2 Ke7 33. Ke3 Kd6 34. Kd4 Ne7 35. Ne3 a5 36. a3 g5 37. g3 g6 38. f4 gxf4 39. gxf4 g5 40. f5 Nc8 41. Nd1 Na7 42. Nc3 b4 43. Ne4+ Ke7 44. axb4 axb4 45. Kc4 Nc8 46. Kxb4 Nb6 47. d6+ Kd7 48. Kc5 Na4+ 49. Kd5 Nb6+ 50. Kc5 Na4+ 51. Kd4 Nb6 52. Nxf6+ Kxd6 53. Ne4+ Ke7 54. Nxg5 Nd7 55.
Ne4 Kf7 56. g5 Ke7 57. g6 Nb6 58. Ke5 Nd7+ 59. Kf4 Kf8 60. Kg5 Ne5 61. f6 Nf3+ 62. Kh6 Kg8 63. f7+ Kf8 64. Kh7 Ne5 65. g7+ Ke7 66. g8=Q Nxf7 67. Qg7 Ke6 68. Qf6+ Kd5 69. Qxf7+ Kd4 70. Qf4 Kd3 71. Nc5+ Kc3 72. Kg6 Kc2 73. Qe3 Kd1 74. Qf2 Kc1 75. Kf5 Kb1 76. Ke4 Kc1 77.
Kd3 Kb1 78. Qc2+ Ka1 79. Nb3# 1-0

[Event "Late-Titled-Tuesday-Blitz-January-30-2024"]
[Site "Chess.com"]
[Date "2024.01.30"]
[Round "7"]
[White "egnfanclub"]
[Black "zverr1"]
[Result "1-0"]
[WhiteElo "2369"]
[BlackElo "2559"]
[TimeControl "180+1"]
[EndTime "15:18:40 PST"]
[Termination "egnfanclub won on time"]

1. e4 c5 2. Nc3 g6 3. f4 Bg7 4. Nf3 Nc6 5. Bc4 e6 6. f5 Nge7 7. fxe6 fxe6 8. d3 O-O 9. O-O d5 10. Bb3 Nd4 11. Bg5 Nxb3 12. axb3 h6 13. Bxe7 Qxe7 14.
exd5 Bxc3 15. d6 Qxd6 16. bxc3 b6 17. Qd2 Kg7 18. Qe3 Bb7 19. Ne5 Rf5 20. Rxf5 exf5 21. Qxh6+ Kxh6 22. Nf7+ Kg7 23. Nxd6 Bc6 24. Re1 Kf6 25.
Nc4 Rd8 26. Kf2 g5 27. h3 f4 28. Ne5 Bd5 29. c4 Be6 30. Nf3 Bf5 31. Ne5 Rd6 32. Kf3 a5 33. Ng4+ Bxg4+ 34. Kxg4 Rd4 35. Re8 f3+ 36. Kxf3 Rf4+ 37. Ke3 Kf7 38. Rb8 Rf6 39. Rb7+ Kg6 40. Re7 Kh5 41. Re4 Rf1 42. g3 Rc1 43. Kd2 Rg1 44. Re3 Kg6 45. Rf3 Kg7 46. Ke3 Rg2 47.
c3 Rb2 48. Rf5 Kg6 49. Rd5 Rxb3 50. Kd2 a4 51. Kc2 Kf6 52. h4 gxh4 53. gxh4 Ra3 54. Kb2 Rb3+ 55. Kc2 Ra3 56. Rd6+ Ke7 57. Rxb6 Ra2+ 58.
Rb2 Ra1 59. Rb1 Ra2+ 60. Rb2 Ra1 61. d4 1-0

[Event "Late-Titled-Tuesday-Blitz-January-30-2024"]
[Site "Chess.com"]
[Date "2024.01.30"]
[Round "7"]
[White "Arlo2024"]
[Black "WPWPWP-2015"]
[Result "0-1"]
[WhiteElo "2273"]
[BlackElo "2469"]
[TimeControl "180+1"]
[EndTime "15:18:40 PST"]
[Termination "WPWPWP-2015 won on time"]

1. e4 e5 2. Nf3 Nc6 3. Bc4 Nf6 4. d4 exd4 5. O-O Nxe4 6. Re1 d5 7. Bxd5 Qxd5 8.
Nc3 Qh5 9. Nxe4 Be6 10. Bg5 Be7 11. Nxd4 Qxd1 12. Raxd1 Nxd4 13. Rxd4 Rd8 14. Rxd8+ Bxd8 15. Bxd8 Kxd8 16. Ng5 Ke7 17. Nxe6 fxe6 18. Re3 b6 19. Kf1 a5 20. Ke2 h6 21. a4 g5 22. h4 g4 23.
g3 Rd8 24. Re4 h5 25. Re5 Rh8 26. Ke3 Kf6 27. Rg5 c6 28. b3 Rh7 29. c3 Rh8 30. b4 axb4 31. cxb4 Ra8 32. a5 bxa5 33. bxa5 e5 34.
Rxh5 Ke6 35. Rg5 Rxa5 36. Rxg4 Ra3+ 37. Ke4 Ra4+ 38. Kf3 Ra3+ 39. Ke2 Ra2+ 40. Kf3 Kd5 41. h5 Ra3+ 42. Kg2 c5 43. h6 Ra8 44. h7 Rh8 45.
Rh4 c4 46. Kf1 Kc5 47. Ke2 Kb4 48. Kd2 Kb3 49. Kc1 c3 50. g4 e4 51. g5 Ra8 52.
Kd1 c2+ 53. Ke2 c1=Q 54. h8=Q Rxh8 55. Rxh8 Qb2+ 56. Ke3 Qxh8 57. Kxe4 Qe8+ 58. Kf5 Qf7+ 59. Kg4 Qxf2 60. g6 Qf6 61. Kh5 Qg7 62. Kg5 Kc4 0-1

[Event "Late-Titled-Tuesday-Blitz-January-30-2024"]
[Site "Chess.com"]
[Date "2024.01.30"]
[Round "7"]
[White "Oleksandr_Bortnyk"]
[Black "Zhigalko_Sergei"]
[Result "1/2-1/2"]
[WhiteElo "3096"]
[BlackElo "2944"]
[TimeControl "180+1"]
[EndTime "15:18:44 PST"]
[Termination "Game drawn by repetition"]

1. e4 c5 2. c3 d5 3. exd5 Qxd5 4. d4 Nf6 5. Be3 cxd4 6. cxd4 e6 7. Nc3 Bb4 8. Nf3 O-O 9. Bd3 b6 10. Qe2 Bb7 11. O-O Qh5 12. Rac1 Nbd7 13. Rfd1 Rfd8 14. a3 Bxc3 15. bxc3 Rac8 16. c4 Be4 17. Bxe4 Nxe4 18. d5 Ndc5 19. Rd4 e5 20. Rdd1 f6 21. h3 Nd6 22. Qc2 Qg6 23. Qe2 Rc7 24. Nd2 Rdc8 25.
Bxc5 Rxc5 26. Rc3 Nb5 27. Rd3 Nd6 28. Rc3 Qf5 29. Rdc1 R5c7 30. a4 Nb7 31. Ne4 Qd7 32.
Rg3 Kh8 33. Qh5 Nd6 34. Nxd6 Qxd6 35. Qg4 Rg8 36. h4 Qd7 37. Qe4 Qxa4 38. h5 Qd7 39.
Rd1 Qd6 40. Qg4 h6 41. Qe4 Rgc8 42. Qg6 Qd7 43. Ra1 Rxc4 44. Re1 Rd4 45. Kh2 Rh4+ 46. Kg1 Rd4 47. Kh2 Rxd5 48. Ra1 Rd4 49. Raa3 Rh4+ 50. Rh3 Rxh3+ 51. Rxh3 b5 52. Rg3 b4 53. Rd3 Qb7 54. Qg4 Rb8 55. Rd7 Qxd7 56. Qxd7 b3 57. Qc7 Rb4 58.
Qc5 Rb6 59. Qc8+ Kh7 60. Qf5+ Kh8 61. Qc8+ Kh7 62. Qf5+ Kg8 63. Qc8+ Kh7 1/2-1/2

[Event "Late-Titled-Tuesday-Blitz-January-30-2024"]
[Site "Chess.com"]
[Date "2024.01.30"]
[Round "7"]
[White "Fh2411"]
[Black "vladoboch"]
[Result "1-0"]
[WhiteElo "2587"]
[BlackElo "2474"]
[TimeControl "180+1"]
[EndTime "15:18:44 PST"]
[Termination "Fh2411 won by checkmate"]

1. d4 Nf6 2. Nf3 g6 3. c4 Bg7 4. Nc3 O-O 5. Bg5 d6 6. e3 Nbd7 7. Be2 c5 8. O-O h6 9. Bh4 g5 10. Bg3 Nh5 11. Rc1 Nxg3 12. hxg3 Nf6 13. Qc2 Be6 14. Rfd1 Qc8 15. b3 Bf5 16. Bd3 Bxd3 17. Qxd3 Qc6 18. e4 Nd7 19. Qe2 Rfe8 20. g4 Qb6 21. Nd5 Qa5 22. Ne3 e6 23. dxc5 Qxc5 24. Rd3 Qc7 25. Rdd1 a5 26. Nd4 Qb6 27. Nb5 Be5 28.
Rc2 Nc5 29. Nf1 Red8 30. Rcd2 Qc6 31. f3 Bf4 32. Rc2 Rd7 33. g3 Be5 34. Kg2 Rad8 35.
Rcd2 Na6 36. Qe3 Nc7 37. Nd4 Qb6 38. f4 Bf6 39. Qf2 d5 40. e5 Be7 41. f5 Bc5 42.
fxe6 Nxe6 43. Qf6 Nxd4 44. Qxb6 Bxb6 45. c5 Bxc5 46. Rxd4 Bxd4 47. Rxd4 Rc8 48. Ne3 Rc3 49. Nxd5 Rc5 50. Nf6+ Kg7 51. Nxd7 Rc2+ 52. Kf3 Rxa2 53. Nf6 b5 54. Rd8 h5 55. Rg8+ Kh6 56. gxh5 a4 57.
Rh8+ Kg7 58. Rh7+ Kf8 59. h6 axb3 60. Rh8+ Ke7 61. Re8# 1-0

[Event "Late-Titled-Tuesday-Blitz-January-30-2024"]
[Site "Chess.com"]
[Date "2024.01.30"]
[Round "7"]
[White "Burgsvik"]
[Black "emeli_chess"]
[Result "0-1"]
[WhiteElo "2285"]
[BlackElo "2473"]
[TimeControl "180+1"]
[EndTime "15:18:45 PST"]
[Termination "emeli_chess won by resignation"]

1. e4 c5 2. Nf3 d6 3. d4 cxd4 4. Nxd4 Nf6 5. Nc3 a6 6. Be2 e6 7. O-O Be7 8. Kh1 O-O 9. f4 Qc7 10. f5 Nc6 11. Bg5 Nxd4 12. Qxd4 e5 13. Qd2 b5 14. Bxf6 Bxf6 15. Nd5 Qd8 16. c4 bxc4 17. Bxc4 Bb7 18. b3 Bg5 19. Qd3 Qa5 20. a4 Qd2 21. Rad1 Qxd3 22. Rxd3 Bd8 23. Rfd1 Rc8 24. Kg1 g6 25. g4 Kg7 26. Kg2 f6 27. Kf3 g5 28. Rh1 h5 29. h4 hxg4+ 30. Kxg4 Rh8 31. Rdh3 gxh4 32. Rxh4 Rxh4+ 33. Rxh4 Ba5 34. Kf3 Bd2 35.
Rg4+ Bg5 36. Rg2 Rh8 37. Ke2 Rh1 38. Kd3 Re1 39. Kc3 Rxe4 40. Rg3 Rd4 41. Nc7 Kh6 42.
Bxa6 Be4 43. Bc8 Bd2+ 44. Kb2 Bb4 45. Ne6 Rd2+ 46. Kc1 Rf2 47. Nf8 Rf1+ 48. Kb2 Rf2+ 49.
Kc1 Rc2+ 50. Kd1 Rxc8 51. Rg6+ Kh5 52. Rg8 Bd3 53. Rh8+ Kg5 54. Ne6+ Kxf5 55. Rxc8 Kxe6 56. Rb8 Bc3 57. b4 e4 58. b5 Kd5 59. b6 e3 60.
Re8 e2+ 61. Rxe2 Bxe2+ 62. Kxe2 Kc6 63. Kd3 Ba5 64. Ke4 Bxb6 65. Kf5 d5 66. Kxf6 d4 67. a5 d3 68. axb6 Kxb6 69. Ke5 d2 70. Ke4 d1=Q 71.
Ke5 Qd3 72. Kf4 Kc5 73. Ke5 Qe3+ 0-1

[Event "Late-Titled-Tuesday-Blitz-January-30-2024"]
[Site "Chess.com"]
[Date "2024.01.30"]
[Round "7"]
[White "topalovkramnik"]
[Black "GMRafpig"]
[Result "1/2-1/2"]
[WhiteElo "2478"]
[BlackElo "2742"]
[TimeControl "180+1"]
[EndTime "15:18:49 PST"]
[Termination "Game drawn by repetition"]

1. e4 c5 2. Nf3 Nc6 3. d4 cxd4 4. Nxd4 e5 5. Nb5 d6 6. c4 g6 7. Be2 a6 8. N5c3 Bg7 9. O-O Nge7 10. Nd5 Nxd5 11.
cxd5 Nd4 12. Nc3 O-O 13. Be3 Bd7 14. Rc1 b5 15. Bd3 Qa5 16. a3 b4 17. Ne2 bxa3 18.
bxa3 Qxa3 19. Ra1 Qb4 20. Nxd4 exd4 21. Rb1 Qxb1 22. Qxb1 dxe3 23. fxe3 a5 24. Qb7 Rfd8 25. Rf2 a4 26. Ra2 a3 27. Qb4 Bb2 28. Rxb2 axb2 29.
Qxb2 Be8 30. Qf6 Rab8 31. h4 h5 32. e5 dxe5 33. Qxe5 Bb5 34. Bc2 Re8 35. Qd4 Rbc8 36. Bd3 Bxd3 37. Qxd3 Rcd8 38. e4 Re7 39. Kf2 Rde8 40.
Kf3 Kf8 41. Qd4 Kg8 42. Kf4 f6 43. g3 Kf7 44. d6 Rd7 45. Qd5+ Re6 46. Qa8 Rexd6 47.
Qh8 Re7 48. Qh7+ Ke6 49. Qxg6 Kd7 50. Qxh5 Rde6 51. Qb5+ Kc7 52. Qc5+ Kd7 53. Qd5+ Ke8 54. h5 Re5 55. Qa8+ Kf7 56. g4 Kg7 57. Kf3 Rg5 58. Kf4 Rge5 59. Qc6 Kf7 60. Qa8 Kg7 1/2-1/2

[Event "Late-Titled-Tuesday-Blitz-January-30-2024"]
[Site "Chess.com"]
[Date "2024.01.30"]
[Round "7"]
[White "Kleyton_Lima"]
[Black "jcibarra"]
[Result "0-1"]
[WhiteElo "2599"]
[BlackElo "2879"]
[TimeControl "180+1"]
[EndTime "15:18:56 PST"]
[Termination "jcibarra won on time"]

1. e4 c5 2. Nf3 e6 3. d4 cxd4 4. Nxd4 Bc5 5. Nb3 Bb6 6. Nc3 Ne7 7. Bd3 O-O 8. Qe2 f5 9. Be3 f4 10. Bxb6 Qxb6 11. f3 Nbc6 12. Qf2 Qc7 13. O-O a6 14. a4 b6 15. Rfd1 Ng6 16. Bf1 Rf6 17. a5 Nxa5 18. Nxa5 bxa5 19. Qd4 Ne5 20. Qd6 Qxd6 21.
Rxd6 Nc6 22. Na4 Rb8 23. b3 Kf8 24. Nc5 Ke7 25. Rad1 e5 26. Rxf6 gxf6 27. Bxa6 d6 28. Bxc8 Rxc8 29. Na4 Nd4 30. Nb6 Rxc2 31. Nd5+ Kf7 32.
b4 axb4 33. Nxb4 Rb2 34. Nd5 f5 35. Ra1 fxe4 36. fxe4 f3 37. Ra7+ Kg6 38. Ne7+ Kg5 39. gxf3 Nxf3+ 40. Kf1 Nxh2+ 41. Ke1 Nf3+ 42. Kd1 h5 43.
Nf5 d5 44. Ng3 h4 45. Rg7+ Kf4 46. Ne2+ Ke3 47. Nc3 d4 48. Nd5+ Kxe4 49. Nf6+ Kd3 50. Kc1 Rc2+ 51. Kb1 Rc6 52. Nh5 Nd2+ 53. Ka2 Ra6+ 54.
Kb2 Rb6+ 55. Ka3 Rh6 56. Nf6 Rxf6 57. Rh7 Rf4 58. Rh5 e4 59. Kb2 e3 60. Kc1 Rf1+ 61.
Kb2 Nc4+ 62. Kb3 Rb1+ 63. Ka2 Rb2+ 64. Ka1 Rh2 65. Rg5 e2 66. Rg1 Rf2 67. Ka2 e1=Q+ 68. Kb3 Qc3+ 69. Ka4 Qa5+ 0-1

[Event "Late-Titled-Tuesday-Blitz-January-30-2024"]
[Site "Chess.com"]
[Date "2024.01.30"]
[Round "7"]
[White "LiemLe"]
[Black "MetiForce"]
[Result "1/2-1/2"]
[WhiteElo "3039"]
[BlackElo "2868"]
[TimeControl "180+1"]
[EndTime "15:18:58 PST"]
[Termination "Game drawn by repetition"]

1. Nf3 d5 2. e3 Nf6 3. c4 c6 4.
Nc3 g6 5. d4 Bg7 6. Be2 O-O 7.
O-O Bg4 8. h3 Bxf3 9. Bxf3 e6 10. Qb3 Qb6 11. Bd2 Nbd7 12. Rfc1 Rac8 13. Be1 dxc4 14.
Qxc4 e5 15. Qb3 exd4 16. exd4 Qxd4 17. Qxb7 Ne5 18. Be2 Rb8 19. Qa6 Rxb2 20. Nd1 Rb6 21. Qxa7 Nd5 22. Ba5 Rb4 23. Qxd4 Rxd4 24. Nc3 Ra8 25.
Nxd5 Rxa5 26. Ne3 Rd2 27. Kf1 Nd7 28. Rab1 Raxa2 29. Re1 Bd4 30. Nc4 Rdc2 31. Rbc1 Nf6 32. Rxc2 Rxc2 33. Rd1 c5 34. Rd2 Rc3 35. Bd3 Rc1+ 36.
Ke2 Nd5 37. g3 Nb4 38. Nd6 Kf8 39. Be4 Ke7 40. Nb5 Be5 41. f4 Bb8 42. Kf3 f5 43.
Bb7 Rb1 44. Re2+ Kf6 45. Nc3 Rb3 46. Re3 Nc2 47. Nd5+ Kg7 48. Rxb3 Nd4+ 49. Kf2 Nxb3 50. Nb6 Ba7 51. Nc4 Nd4 52. g4 fxg4 53. hxg4 Bb8 54. Ke3 Nc2+ 55. Ke4 Nb4 56. Bc8 h5 57. gxh5 gxh5 58.
Bh3 Kf6 59. Ne3 Bd6 60. Nd5+ Nxd5 61. Kxd5 Bf8 62. Kc4 h4 63. Kd5 Kg6 64. Bg4 Kf6 65. Kc4 Bd6 66. Kd5 Ke7 67. Bh3 Bxf4 68. Kxc5 Bg3 69.
Kd5 Kf6 70. Ke4 Ke7 71. Kf3 Kf6 72. Kg2 Ke7 73. Kh1 Kf6 74. Kg2 Ke7 75. Kh1 Kf6 76.
Kg2 1/2-1/2

[Event "Late-Titled-Tuesday-Blitz-January-30-2024"]
[Site "Chess.com"]
[Date "2024.01.30"]
[Round "7"]
[White "ArturoCaceres"]
[Black "nindjaxx8"]
[Result "1-0"]
[WhiteElo "2469"]
[BlackElo "2573"]
[TimeControl "180+1"]
[EndTime "15:19:01 PST"]
[Termination "ArturoCaceres won on time"]

1. e4 e6 2. d4 d5 3. exd5 exd5 4.
Nc3 Nf6 5. Bd3 Bd6 6. Nge2 O-O 7. Bg5 c6 8. Qd2 a5 9. Bf4 a4 10. a3 Nbd7 11. Bxd6 Re8 12. Bg3 b5 13. O-O Bb7 14. Rfe1 Nb6 15. Nf4 Qd7 16. Bh4 Ne4 17. Bxe4 dxe4 18.
Rxe4 Nc4 19. Qe2 Rxe4 20. Nxe4 Qxd4 21. c3 Qe5 22. Nd3 Qf5 23. Ndc5 Re8 24. Rd1 Bc8 25. h3 h6 26. Bg3 Kh8 27. Kh2 Qxc5 28. Nxc5 Rxe2 29. Rd8+ Kh7 30. Rxc8 Rxb2 31. Rxc6 Nxa3 32. Nd3 Rb3 33. Bd6 Nc4 34. Bb4 Rb1 35. Ra6 Nd2 36.
Kg3 Nf1+ 37. Kf4 Nd2 38. Ne5 f6 39. Nf3 Nc4 40. Nd4 Rb2 41. Kg3 Nd2 42. Re6 Nf1+ 43.
Kf3 Nh2+ 44. Ke3 Nf1+ 45. Kd3 Rd2+ 46. Ke4 Rxf2 47. g4 Kg6 48. Kd5 Nd2 49. Re7 Nc4 50. Nf5 Kg5 51. Rxg7+ Kf4 52. Kc5 a3 53. Kxb5 a2 54. Ra7 Ne5 55. Nd4 Nd3 56. Nb3 Rb2 57.
Kc4 Ne5+ 58. Kd4 Rxb3 59. Rxa2 Rb1 60. Rf2+ Kg3 61. Rxf6 Rd1+ 62. Kxe5 h5 63. g5 Re1+ 64.
Kf5 Kh4 65. g6 Rf1+ 66. Ke6 Re1+ 67. Kf7 Ra1 68. g7 Ra7+ 69. Be7 1-0

[Event "Late-Titled-Tuesday-Blitz-January-30-2024"]
[Site "Chess.com"]
[Date "2024.01.30"]
[Round "7"]
[White "manitodeplomo"]
[Black "dmitrijiIM"]
[Result "0-1"]
[WhiteElo "2688"]
[BlackElo "2892"]
[TimeControl "180+1"]
[EndTime "15:19:02 PST"]
[Termination "dmitrijiIM won on time"]

1. d4 d5 2. c4 e6 3. Nf3 Nf6 4. Nc3 c6 5. Bg5 Nbd7 6. e3 Be7 7. Qc2 O-O 8. O-O-O a5 9. Kb1 a4 10. h3 Qa5 11.
Ne5 dxc4 12. Bxf6 Bxf6 13. Nxc4 Qc7 14. Ne4 Be7 15. Bd3 h6 16. Rc1 Nb6 17. Ne5 Nd5 18. a3 Re8 19. h4 f6 20. Ng6 Bd8 21. Ka1 Qf7 22. h5 Bc7 23. g4 e5 24. dxe5 Bxe5 25.
Qe2 Qc7 26. f4 Bd6 27. g5 f5 28. Nxd6 Qxd6 29. gxh6 Rxe3 30. Qd2 gxh6 31. Rhg1 Kh7 32. Rce1 Rxe1+ 33. Rxe1 Bd7 34. Re5 Re8 35. Qe1 Rxe5 36. fxe5 Qc5 37. e6 Be8 38. Bxf5 Nf6 39. Qe5 Qxe5 40.
Nxe5+ Kg7 41. Bg6 Bxg6 42. hxg6 Ng8 43. b3 axb3 44. a4 h5 45. Nf3 Ne7 46. Kb2 Kxg6 47. Kxb3 Kf6 48. Kc4 Kxe6 49. Kc5 Kd7 50. Kb6 Kc8 51. a5 Nd5+ 52. Kc5 Kc7 53. Nh4 Ne7 54. Kd4 Kd6 55. Kc4 Nd5 56. Kd4 Kc7 57. Kc5 Ne7 58. Kd4 Kb8 59. Kc5 Ka7 60. Kd6 Nd5 61. Kc5 Ka6 62.
Nf5 Kxa5 63. Nd6 Ka6 64. Nc8 h4 0-1

[Event "Late-Titled-Tuesday-Blitz-January-30-2024"]
[Site "Chess.com"]
[Date "2024.01.30"]
[Round "7"]
[White "Lion-Al-Messi"]
[Black "Mops_2004"]
[Result "0-1"]
[WhiteElo "2602"]
[BlackElo "2770"]
[TimeControl "180+1"]
[EndTime "15:19:05 PST"]
[Termination "Mops_2004 won by resignation"]

1. e4 c6 2. Nf3 d5 3. Nc3 dxe4 4. Nxe4 Nf6 5. Nxf6+ exf6 6. Bc4 Bd6 7. Qe2+ Qe7 8.
Qxe7+ Kxe7 9. O-O Rd8 10. Re1+ Kf8 11. d4 a5 12. Bd3 h5 13. c4 Na6 14. a3 a4 15. Bd2 Bg4 16. Bc3 Bxf3 17. gxf3 Nc7 18. Bc2 b5 19. c5 Bf4 20. Be4 Nd5 21. Bxd5 Rxd5 22. Re4 f5 23. Re2 Bg5 24. Re5 Rxe5 25. dxe5 Rd8 26. Kf1 Rd5 27. Re1 Be7 28. e6 Bxc5 29.
Kg2 f6 30. Kg3 Ke7 31. Ba5 Re5 32. Rd1 Bd6 33. Kh4 Kxe6 34. Kxh5 g5 35. Kg6 Re2 36. Bc3 Be5 37. f4 gxf4 38. h4 Rxf2 39. h5 Rg2+ 40.
Kh7 f3 41. Rf1 f2 42. h6 Kf7 43. Kh8 Rh2 44. Bd2 f4 45. Kh7 Bxb2 46. Bxf4 Rg2 47.
Be3 Bxa3 48. Bxf2 Bb2 49. Bc5 a3 50. Re1 f5 51. Re7+ Kf6 52. Rg7 Rh2 53. Rg6+ Ke5 54. Bd6+ Kd5 55. Bxh2 a2 56. Rd6+ Kc5 57. Rd1 a1=Q 58. Rxa1 Bxa1 59. Kg6 b4 60. Bf4 b3 61. Be3+ Kd5 62. h7 Bh8 63. Kxf5 b2 64. Bg5 b1=Q+ 65.
Kg4 Qf1 66. Kh5 Qg2 67. Kg6 Qe4+ 68. Kh6 Qg4 69. Kg6 Qxg5+ 70. Kxg5 c5 71. Kg6 Ke6 72.
Kg5 c4 73. Kf4 c3 74. Ke3 Kd5 75. Kd3 Kc5 76. Kc2 Kc4 77. Kc1 Kd3 78. Kd1 Ke4 79. Kc1 Kf5 80. Kc2 Kg6 81. Kd3 Kxh7 82. Kc2 Kg6 0-1

[Event "Late-Titled-Tuesday-Blitz-January-30-2024"]
[Site "Chess.com"]
[Date "2024.01.30"]
[Round "7"]
[White "KaydenTroffChess"]
[Black "dropstoneDP"]
[Result "0-1"]
[WhiteElo "2857"]
[BlackElo "3047"]
[TimeControl "180+1"]
[EndTime "15:19:08 PST"]
[Termination "dropstoneDP won by checkmate"]

1. d4 d5 2. Nf3 Nf6 3. Bf4 c5 4. e3 Nc6 5. Nc3 a6 6. dxc5 e6 7. Na4 Bxc5 8. Nxc5 Qa5+ 9. c3 Qxc5 10. Bd3 Qe7 11. Ne5 Nxe5 12. Bxe5 Bd7 13. O-O Bc6 14. f4 O-O 15. Rf3 Rad8 16. Rh3 g6 17. g4 Nd7 18. Bc7 Rc8 19. Ba5 Rfe8 20. Bb4 Nc5 21. Bc2 b6 22. g5 e5 23. f5 Qxg5+ 24. Rg3 Qh4 25. fxg6 hxg6 26.
Bxc5 bxc5 27. Bf5 Rcd8 28. Qf3 Rd6 29. Rf1 Rf6 30. Qg2 Kf8 31. Rh3 Qc4 32. Bd3 Rxf1+ 33. Qxf1 Qg4+ 34. Rg3 Qh4 35. Bxg6 Re7 36. Bf5 d4 37. e4 Qf4 38. Qg2 Qc1+ 39. Qf1 Qxf1+ 40. Kxf1 Rb7 41. b3 a5 42. Ke2 a4 43. cxd4 exd4 44. Kd2 axb3 45. axb3 Bb5 46. h4 Ra7 47. h5 Ra2+ 48.
Kc1 Rh2 49. Rh3 Rxh3 50. Bxh3 Kg7 51. Bg4 f6 52. Kd2 Kh6 53. Bf3 Kg5 54. Bd1 Be8 55.
Kd3 Bf7 56. b4 cxb4 57. Kxd4 Bxh5 58. Bc2 Bf7 59. e5 f5 60. Kc5 f4 61. Kd4 b3 62.
Be4 Kg4 63. Bd3 Kg3 64. Ke4 Bg6+ 65. Kd4 Bf7 66. Kc5 b2 67. Kd4 f3 68. Ke3 f2 69.
Ke2 Ba2 70. Kf1 b1=Q+ 71. Bxb1 Bc4+ 72. Bd3 Bxd3# 0-1

[Event "Late-Titled-Tuesday-Blitz-January-30-2024"]
[Site "Chess.com"]
[Date "2024.01.30"]
[Round "7"]
[White "snowlord"]
[Black "Felix-Rose"]
[Result "1/2-1/2"]
[WhiteElo "2853"]
[BlackElo "2394"]
[TimeControl "180+1"]
[EndTime "15:19:08 PST"]
[Termination "Game drawn by repetition"]

1. e4 e5 2. Nf3 Nc6 3. Bb5 a6 4. Bxc6 dxc6 5. O-O Qd6 6. Nc3 Ne7 7. d4 exd4 8. Nxd4 Bd7 9. Nb3 Ng6 10. Qe2 O-O-O 11. Rd1 Qe5 12. Be3 Bd6 13. g3 h5 14. f4 Qe8 15. f5 Ne5 16. Bc5 h4 17. g4 g6 18.
Bxd6 cxd6 19. Rxd6 gxf5 20. exf5 Nxg4 21. Qxe8 Rhxe8 22. Rf1 Ne3 23. Rf3 Bxf5 24. Rxd8+ Kxd8 25. Nd4 Rg8+ 26. Kf2 Ng4+ 27. Ke1 Bd7 28. h3 Ne5 29. Rf4 Bxh3 30. Rxh4 Bg4 31. Rh6 Re8 32. Kf2 c5 33.
Nb3 Nd7 34. Rh7 Be6 35. Na4 b6 36. Nc3 Kc7 37. Nd2 Rg8 38. Nde4 Kc6 39. b3 Rg6 40.
Rh8 Nf6 41. Ra8 Kb7 42. Rd8 Nxe4+ 43. Nxe4 Kc7 44. Ra8 Bd5 45. Ra7+ Kb8 46. Re7 Bxe4 47.
Rxe4 Re6 48. Rf4 f6 49. b4 cxb4 50. Rxb4 Kc7 51. a4 Rc6 52. Rb2 Rc4 53. Ra2 Kc6 54.
Ke3 a5 55. Kd3 Rc5 56. c3 Rd5+ 57. Kc4 Re5 58. Rh2 Re4+ 59. Kb3 f5 60. Rh6+ Kb7 61.
Rf6 f4 62. Rf7+ Kc6 63. Rf6+ Kc5 64. Rf7 Kc6 65. Rf6+ Kc7 66. Rf7+ Kc6 1/2-1/2

[Event "Late-Titled-Tuesday-Blitz-January-30-2024"]
[Site "Chess.com"]
[Date "2024.01.30"]
[Round "7"]
[White "N_Mullodzhanov"]
[Black "Chessdreamer2020"]
[Result "1/2-1/2"]
[WhiteElo "2458"]
[BlackElo "2565"]
[TimeControl "180+1"]
[EndTime "15:19:08 PST"]
[Termination "Game drawn by repetition"]

1. e4 d6 2. d4 Nf6 3. Nc3 c6 4. f4 d5 5. e5 Ng8 6. Nf3 g6 7. Bd3 h5 8. Ne2 Nh6 9. O-O Bf5 10. c3 e6 11. Ng3 Bxd3 12. Qxd3 h4 13. Ne2 Nf5 14. Ne1 Nd7 15. Nc2 c5 16. Ne3 Qb6 17. Nxf5 gxf5 18. a3 Be7 19. b4 c4 20. Qc2 O-O-O 21. a4 Rdg8 22. b5 Qd8 23. Ba3 Bxa3 24. Rxa3 Rg4 25. h3 Rg6 26. a5 Rhg8 27. Rf2 R8g7 28.
Qd1 Qg8 29. Qf1 Kb8 30. Ra1 Qd8 31. Qb1 Qg8 32. Qf1 Qd8 33. Qb1 Rg8 34. Ra2 Qe7 35. Ra1 Qf8 36. Ra2 Qh6 37. Qf1 Qf8 38. Qb1 Qd8 39.
Ra1 R6g7 40. Ra2 Nf8 41. Qb4 Ng6 42. Rb2 Qe7 43. Qxe7 Nxe7 44. Rb4 Kc8 45. Kf1 Kd7 46. Rb1 Rb8 47. Ke1 Ng6 48. Kd2 Ne7 49. Rg1 Rbg8 50. Kc2 Kc7 51. Kd2 Kd7 52. Kc2 Rb8 53. Kd2 a6 54. bxa6 bxa6 55. Ke3 Nc6 56. g3 hxg3 57. Rxg3 Rxg3+ 58. Nxg3 Nxa5 59. Ra2 Rb5 60. h4 Ke7 61. Nh5 Kf8 62. Nf6 Kg7 63. h5 Kh6 64. Kf3 Nb7 65.
Rxa6 Rb3 66. Kg3 Rxc3+ 67. Kh4 Rf3 68. Ra8 Rxf4+ 69. Kg3 Rxd4 70. Rh8+ Kg5 71. Rg8+ Kh6 72. Rh8+ Kg5 73. Rg8+ Kh6 74. Rh8+ 1/2-1/2

[Event "Late-Titled-Tuesday-Blitz-January-30-2024"]
[Site "Chess.com"]
[Date "2024.01.30"]
[Round "7"]
[White "jcmesafischer"]
[Black "jmpion"]
[Result "1-0"]
[WhiteElo "2351"]
[BlackElo "2508"]
[TimeControl "180+1"]
[EndTime "15:19:10 PST"]
[Termination "jcmesafischer won by resignation"]

1. e4 e5 2. Nf3 Nc6 3. Bc4 Nf6 4.
d3 Bc5 5. c3 a5 6. Nbd2 O-O 7.
Nf1 Ng4 8. Ne3 Nxe3 9. Bxe3 Bxe3 10. fxe3 a4 11. b4 axb3 12. axb3 Rxa1 13. Qxa1 d6 14. O-O Be6 15. Bb5 Ne7 16. d4 c6 17. Be2 exd4 18.
exd4 Ng6 19. c4 Qb6 20. Qc3 Nf4 21. Rf2 Ra8 22. Bf1 Ra3 23. Rb2 h6 24. g3 Ng6 25. Kg2 Bg4 26. Be2 Qa7 27. Ng1 Bd7 28.
Bf3 Ra1 29. Ne2 Qa8 30. Qb4 Qc8 31. Qxd6 Bh3+ 32. Kf2 Rf1+ 33. Ke3 Nf8 34. Nf4 Bg4 35. Rf2 Re1+ 36. Re2 Rb1 37. Qb4 Bxf3 38. Kxf3 g6 39. Qc3 h5 40. Re1 Qg4+ 41. Kf2 Rd1 42. Rxd1 Qxd1 43. Ne2 Qh1 44. h4 Qxe4 45. Qb4 Qf5+ 46.
Ke1 Qb1+ 47. Kf2 Qf5+ 48. Ke3 Qe6+ 49. Kd2 Qd7 50. Qc5 Ne6 51. Qe5 c5 52. d5 b5 53.
Ke3 Nf8 54. Nf4 bxc4 55. bxc4 Qa7 56. Nd3 Qa3 57. Qb2 Qa7 58. Qb5 Qe7+ 59. Kd2 Nd7 60.
Qc6 Qd8 61. Qd6 Qc8 62. Qe7 Nb6 63. Qxc5 Qxc5 64. Nxc5 Nxc4+ 65. Kc3 Nb6 66. d6 Kf8 67. Kd4 Ke8 68. Ke5 Kf8 69. Kf6 Nd5+ 70. Ke5 Nb6 71.
Ne4 Nd7+ 72. Kd5 f6 73. Ke6 f5 74. Kxd7 fxe4 75. Kc8 e3 76. d7 e2 77. d8=Q+ Kf7 78. Qd2 1-0